 Dungeon Crawl Stone Soup version 0.20-a0-613-g92415a4 (webtiles) character file.

7104 nubinia the Zephyrmancer (level 11, -7/60 HPs)
             Began as a Tengu Air Elementalist on Feb 8, 2017.
             Was a Believer of Ashenzari.
             Mangled by a blink frog (8 damage)
             ... on level 2 of the Lair of Beasts.
             The game lasted 01:01:24 (10996 turns).

nubinia the Zephyrmancer (Tengu Air Elementalist)  Turns: 10996, Time: 01:01:24

Health: -7/60      AC:  4    Str: 13    XL:     11   Next: 10%
Magic:  6/24       EV: 18    Int: 19    God:    Ashenzari [**....]
Gold:   535        SH:  0    Dex: 15    Spells: 17/27 levels left

rFire    . . .     SeeInvis .   B - -1 trident (curse)
rCold    . . .     Gourm    .   a - +1 robe
rNeg     . . .     Faith    .   (no shield)
rPois    .         Spirit   .   (helmet restricted)
rElec    .         Reflect  .   (no cloak)
rCorr    .         Harm     .   t - +0 pair of gloves
MR       .....                  (boots unavailable)
Stlth    +++.......             p - amulet of regeneration (curse)
Regen    0.6/turn               (no ring)
                                s - +5 ring of strength (curse)

@: flying quickly and evasively, quick
A: beak, talons 3, able to fly 1
a: Curse Item, Scrying, Renounce Religion


You were on level 2 of the Lair of Beasts.
You worshipped Ashenzari.
Ashenzari was pleased with you.
You were hungry.

You visited 3 branches of the dungeon, and saw 12 of its levels.

You collected 687 gold pieces.
You spent 152 gold pieces at shops.

Inventory:

Hand Weapons
 f - a +2 short sword of speed
 u - a +1 dire flail of venom
 y - a +1 dagger of holy wrath
 B - a cursed -1 trident (weapon)
 H - a +4 glaive
 I - a +0 dagger of protection
Armour
 a - a +1 robe (worn)
 t - a +0 pair of gloves (worn)
 A - a cursed +0 leather armour
Jewellery
 p - a cursed amulet of regeneration (around neck)
 s - a cursed +5 ring of strength (left hand)
 D - an uncursed ring of fire
Wands
 o - a wand of iceblast (0/15)
 z - a wand of iceblast (7/15)
 C - a wand of digging (9/24)
 G - a wand of scattershot (6/9)
 J - a wand of acid (7/15)
 L - a wand of confusion (11/48)
Scrolls
 d - a scroll of magic mapping
 i - 4 scrolls of remove curse
 j - a scroll of recharging
 m - 2 scrolls of fear
 v - 2 scrolls of enchant armour
Potions
 e - a potion of heal wounds
 h - 8 potions of curing
 k - a potion of brilliance
 q - a potion of magic
 r - a potion of cancellation
 w - 2 potions of ambrosia
 x - a potion of lignification
 E - a potion of flight
 F - a potion of might
Books
 b - a book of Air

   Spells                             Type                      Level
   a - Shock                          Conjuration/Air              1
   b - Swiftness                      Charms/Air                   2
   c - Static Discharge               Conjuration/Air              3
   d - Airstrike                      Air                          4
   e - Lightning Bolt                 Conjuration/Air              5
Comestibles
 c - 10 bread rations
 g - 10 meat rations
 l - 3 royal jellies
 n - 9 fruits
 K - a chunk of flesh


   Skills:
 + Level 3.3 Fighting
 + Level 2.1 Short Blades
 + Level 2.4 Maces & Flails
 + Level 3.7(5.8) Polearms
 + Level 5.1 Dodging
 + Level 3.8 Stealth
 + Level 8.6 Spellcasting
 + Level 8.5(10.0) Conjurations
 + Level 0.2(0.6) Charms
 + Level 12.4(13.6) Air Magic
 + Level 1.7(2.8) Evocations


You had 17 spell levels left.
You knew the following spells:

 Your Spells              Type           Power        Failure   Level  Hunger
a - Shock                 Conj/Air       ####         1%          1    None
b - Airstrike             Air            ######....   1%          4    ###....
c - Static Discharge      Conj/Air       ######..     1%          3    None
d - Swiftness             Chrm/Air       #####...     1%          2    None


Dungeon Overview and Level Annotations

Branches:
Dungeon (9/15)             Temple (1/1) D:6            Lair (2/6) D:8
  Swamp: Lair:2-4    Shoals: Lair:2-4     Snake: Lair:2-4    Spider: Lair:2-4
    Orc: D:9-12

Altars:
Ashenzari
Cheibriados
Dithmenos
Elyvilon
Gozag
Hepliaklqana
Kikubaaqudgha
Nemelex Xobeh
Okawaru
Qazlal
Ru
Sif Muna
Trog
Xom
Yredelemnul
Zin
The Shining One

Shops:
D:4 [(%*   D:7 %

Annotations:
Lair:1 exclusion: black mamba, Nergalle


Innate Abilities, Weirdness & Mutations

You have a beak for a mouth.
You have claws for feet.
You can fly.


Message History

Aiming: Airstrike
Press: ? - help, Dir - move target cursor, f/p - blink frog
Aim: a blink frog (heavily wounded)
The air twists around and strikes the blink frog!
The blink frog is severely wounded.
The blink frog hits you. x2; The blink frog hits you!
Unknown command.
Unknown command.
Unknown command.
Casting: Airstrike
Confirm with . or Enter, or press ? or * to list all spells.
Aiming: Airstrike
Press: ? - help, Dir - move target cursor, f/p - blink frog
Aim: a blink frog (severely wounded)
The air twists around and strikes the blink frog!
You kill the blink frog!
The blink frog hits you!!
* * * LOW HITPOINT WARNING * * *
The blink frog hits you!
You die...

#..........................)..
.....................#.P.##..
......#..P.###.....#.##..# ,
#......#'#.##............#...
......##....##...............#
......#.....##.....†..........
......P.....##.....#.....##.##
#........+####...F.##....# .#
......P##.# #..@...#P...# #
...................###.#.P., ,
.............$..............,
.........................?..,
..>.........................
........,............... ,
.....#. ##.#.#......... *
*#.###.....###. * * , , * ,


You could see a blink frog.

Vanquished Creatures
  A two-headed ogre (D:8)
  Sonja (Lair:1)
  2 spiny frogs (Lair:1)
  A hippogriff (Lair:1)
  4 blink frogs
  A wyvern (D:9)
  3 yaks (Lair:1)
  Edmund (D:3)
  Menkaure (D:4)
  A porcupine (Lair:1)
  Purgy (D:4)
  2 ice beasts
  2 sky beasts
  2 phantoms
  4 ogres
  4 crocodiles
  A gnoll sergeant (D:7)
  6 bullfrogs
  A wyvern skeleton (D:8)
  A scorpion (D:8)
  5 killer bees (D:8)
  A water moccasin skeleton (D:5)
  A howler monkey (D:6)
  A crimson imp (D:7)
  4 hounds
  6 orc priests
  2 bullfrog skeletons
  2 centaur skeletons
  9 orc wizards
  2 iguanas
  5 worker ants
  A hound skeleton (D:6)
  2 worker ant zombies
  3 gnolls
  2 howler monkey zombies
  6 adders
  A shadow imp (D:7)
  A white imp (D:6)
  An adder skeleton (D:5)
  2 worms (D:2)
  2 dart slugs (D:2)
  6 leopard geckos
  26 orcs
  2 giant cockroaches
  18 hobgoblins
  10 jackals
  8 kobolds
  2 quokkas
  3 ball pythons
  8 bats
  7 frilled lizards
  5 goblins
  2 goblin skeletons (D:6)
  A goblin zombie (D:6)
  4 hobgoblin zombies (D:6)
  A jackal skeleton (D:5)
  3 kobold skeletons (D:6)
  2 kobold zombies (D:6)
  A leopard gecko zombie (D:8)
  5 rats
213 creatures vanquished.

Notes
Turn   | Place    | Note
-------+----------+-------------------------------------------
     0 | D:1      | nubinia the Tengu Air Elementalist began the quest for the Orb.
     0 | D:1      | Reached XP level 1. HP: 10/10 MP: 4/4
   502 | D:1      | Reached XP level 2. HP: 15/15 MP: 3/6
   534 | D:1      | Learned a level 2 spell: Swiftness
  1345 | D:2      | Reached XP level 3. HP: 19/19 MP: 7/7
  1350 | D:2      | Learned a level 3 spell: Static Discharge
  1354 | D:2      | Reached skill level 5 in Air Magic
  2029 | D:2      | Reached XP level 4. HP: 24/24 MP: 5/8
  2944 | D:2      | Reached skill level 1 in Short Blades
  2944 | D:2      | Gained mutation: You can fly. [Tengu growth]
  2944 | D:2      | Reached XP level 5. HP: 28/28 MP: 3/9
  3139 | D:3      | Noticed an ogre
  3496 | D:3      | Reached skill level 6 in Air Magic
  3638 | D:3      | Killed an ogre
  3638 | D:3      | Reached XP level 6. HP: 30/33 MP: 1/11
  3644 | D:3      | Learned a level 4 spell: Airstrike
  3857 | D:4      | Noticed Menkaure
  3899 | D:4      | Noticed Edmund
  4117 | D:4      | Found Fuas's Assorted Antiques.
  4125 | D:4      | Bought an agate ring for 95 gold pieces
  4263 | D:4      | Noticed a phantom
  4288 | D:4      | Killed a phantom
  4288 | D:4      | Reached XP level 7. HP: 37/37 MP: 2/13
  4419 | D:4      | Noticed Purgy
  4433 | D:5      | Entered Level 5 of the Dungeon
  4446 | D:4      | Killed Purgy
  4446 | D:4      | Reached skill level 1 in Fighting
  4548 | D:4      | Found Gufent's Food Shoppe.
  4740 | D:3      | Killed Edmund
  4740 | D:3      | Reached skill level 5 in Conjurations
  4891 | D:4      | Found Ydaptef's Weapon Shop.
  4941 | D:4      | Found Rextet's Weapon Shoppe.
  4973 | D:4      | Found Deikhley's Armour Boutique.
  5227 | D:5      | Reached skill level 7 in Air Magic
  5372 | D:5      | Reached XP level 8. HP: 43/43 MP: 0/15
  5589 | D:5      | Found a sacrificial altar of Ru.
  5926 | D:6      | Found a glowing golden altar of the Shining One.
  6091 | D:6      | Found a staircase to the Ecumenical Temple.
  6129 | Temple   | Entered the Ecumenical Temple
  6155 | Temple   | Became a worshipper of Ashenzari the Shackled
  6344 | D:4      | Killed Menkaure
  6344 | D:4      | Reached skill level 1 in Maces & Flails
  6354 | D:4      | Bought a scroll of remove curse for 57 gold pieces
  6661 | D:7      | Reached skill level 5 in Spellcasting
  6746 | D:7      | Reached skill level 8 in Air Magic
  6977 | D:7      | Found Etetaap's Food Emporium.
  6986 | D:7      | Reached skill level 1 in Polearms
  6986 | D:7      | Reached XP level 9. HP: 32/47 MP: 13/18
  7102 | D:7      | Reached * piety under Ashenzari
  8047 | D:8      | Reached skill level 9 in Air Magic
  8286 | D:8      | Noticed a two-headed ogre
  8592 | D:9      | Noticed a two-headed ogre
  8809 | D:7      | Reached skill level 10 in Air Magic
  8861 | D:8      | Reached XP level 10. HP: 36/54 MP: 13/21
  9130 | D:8      | Killed a two-headed ogre
  9340 | D:8      | Found a staircase to the Lair.
  9577 | Lair:1   | Entered Level 1 of the Lair of Beasts
  9577 | Lair:1   | Noticed a black mamba
  9721 | Lair:1   | Reached skill level 11 in Air Magic
  9752 | Lair:1   | Noticed Nergalle
  9759 | Lair:1   | Noticed Sonja
  9767 | Lair:1   | Reached ** piety under Ashenzari
  9959 | Lair:1   | Noticed a spiny frog
 10118 | Lair:1   | Noticed a spiny frog
 10118 | Lair:1   | Killed a spiny frog
 10125 | Lair:1   | Killed a spiny frog
 10150 | Lair:1   | Killed Sonja
 10150 | Lair:1   | Reached skill level 5 in Dodging
 10150 | Lair:1   | Reached skill level 1 in Evocations
 10682 | Lair:2   | Reached skill level 12 in Air Magic
 10766 | Lair:2   | Reached XP level 11. HP: 60/60 MP: 8/24
 10996 | Lair:2   | HP: 1/60 [blink frog (19)]
 10996 | Lair:2   | Mangled by a blink frog

Vault maps used:
D:1:      lightli_arrival_lavapool
D:2:      kennysheep_big_flooded_room, minmay_heptomino_h4
D:4:      serial_shops, shop, nicolae_shop_temple_entry_statues_fountains,
          shop_statue, shop, nicolae_shop_window_shopping, first_bread,
          hangedman_decor_lopped, minmay_ruptured, uniq_menkaure, uniq_edmund,
          uniq_purgy
D:5:      nicolae_ru_great_annihilating_truth
D:6:      minmay_temple_entry_glassed_door, minivault_25,
          nicolae_tso_besieged_by_evil
D:7:      serial_shops, nicolae_shop_trees, minmay_misc_feat_tiny
D:8:      lair_entry_dummy, st_stairs_10
D:9:      grunt_ogre_cave, kennysheep_pointless_box
Temple:   nicolae_temple_the_god_donut
Lair:1:   serial_bayou_pond_e, lemuel_fruit_fields, uniq_sonja, uniq_nergalle
Lair:2:   grunt_megastairs_2

Skill      XL: |  1  2  3  4  5  6  7  8  9 10 |
---------------+-------------------------------+-----
Air Magic      | 5 6 7 8 10 12 | 12.4
Conjurations   | 2 3 4 5 6 7 8 |  8.5
Short Blades   | 1 2 |  2.1
Dodging        | 3 4 5 |  5.1
Spellcasting   | 3 4 5 6 8 |  8.6
Fighting       | 1 2 3 |  3.3
Stealth        | 3 |  3.8
Maces & Flails | 2 |  2.4
Polearms       | 1 2 3 |  3.7
Evocations     | 1 |  1.7
Charms         | |  0.2

Action                   |  1- 3 |  4- 6 |  7- 9 | 10-12 || total
-------------------------+-------+-------+-------+-------++-------
Melee: Short sword       |    27 |    51 |     3 |       ||    81
       Kick              |     2 |    12 |    26 |    11 ||    51
       Peck              |       |     7 |    27 |     3 ||    37
       Dire flail        |       |       |    49 |       ||    49
       Trident           |       |       |    82 |    38 ||   120
 Cast: Shock             |    64 |    91 |   254 |    72 ||   481
       Static Discharge  |       |     2 |     3 |     3 ||     8
       Swiftness         |       |     1 |     1 |     1 ||     3
       Airstrike         |       |       |    16 |    34 ||    50
Invok: Curse Item        |       |       |     2 |       ||     2
 Abil: Fly               |       |     5 |    17 |    10 ||    32
Evoke: Wand              |       |       |     3 |     8 ||    11
  Use: Scroll            |     5 |     5 |     8 |     1 ||    19
 Stab: Sleeping          |     1 |     3 |     2 |     1 ||     7
  Eat: Chunk             |     4 |     9 |    19 |    11 ||    43
Armor: Robe              |       |    11 |    39 |     1 ||    51
Dodge: Dodged            |    10 |    63 |   171 |    53 ||   297
